 Dungeon Crawl Stone Soup version 0.26.0-10-g1f06aea511 (webtiles) character file.

Game seed: 14861896963864129077

1654 wakim the Covered (level 8, -4/71 HPs)
             Began as a Minotaur Fighter on Jan 23, 2021.
             Was a Believer of Okawaru.
             Slain by a five-headed hydra (8 damage)
             ... on level 7 of the Dungeon on Jan 24, 2021.
             The game lasted 00:17:27 (4478 turns).

wakim the Covered (Minotaur Fighter)                Turns: 4478, Time: 00:17:28

Health: -4/71      AC: 20    Str: 22    XL:     8   Next: 68%
Magic:  6/8        EV:  6    Int:  5    God:    Okawaru [**....]
Gold:   278        SH: 13    Dex: 11    Spells: 7/7 levels left

rFire    + . .     SeeInvis .   b - +1 flail (venom)
rCold    + . .     Faith    .   c - +1 kite shield
rNeg     . . .     Spirit   .   y - +0 gold dragon scales
rPois    +         Reflect  .   (helmet restricted)
rElec    .         Harm     .   r - +0 cloak
rCorr    .         Rampage  .   (no gloves)
Will     .....                  (no boots)
Stlth    ..........             j - amulet of regeneration
HPRegen  0.61/turn              s - ring of attention (curse)
MPRegen  0.11/turn              (no ring)

@: heroism
A: retaliatory headbutt, horns 2
a: Renounce Religion, Heroism


You were on level 7 of the Dungeon.
You worshipped Okawaru.
Okawaru was pleased with you.
You visited 2 branches of the dungeon, and saw 8 of its levels.
You also visited: Sewer.

You collected 278 gold pieces.

Inventory:

Hand Weapons
 a - a +1 war axe
 b - a +1 flail of venom (weapon)
Missiles
 k - 44 poisoned darts
 o - 5 boomerangs (quivered)
Armour
 c - a +1 kite shield (worn)
 r - a +0 cloak (worn)
 y - +0 gold dragon scales (worn)
Jewellery
 j - an amulet of regeneration (around neck)
 n - a +4 ring of slaying {unknown}
 s - a cursed ring of attention (left hand)
Wands
 g - a wand of iceblast (7)
 i - a wand of polymorph (6)
 q - a wand of paralysis (11)
Scrolls
 f - 2 scrolls of teleportation
 h - 3 scrolls of amnesia
 l - a scroll of enchant armour
 m - 4 scrolls of identify
 t - 2 scrolls of enchant weapon
 x - a scroll of fog {unknown}
Potions
 d - 2 potions of might
 e - 2 potions of heal wounds
 p - a potion of berserk rage {unknown}
 u - 2 potions of flight
 v - a potion of curing


   Skills:
 * Level 6.8(11.8) Fighting
 * Level 7.3(12.3) Axes
 + Level 1.8(6.8) Throwing
 * Level 7.9(12.9) Armour
 + Level 0.0(5.0) Dodging
 + Level 6.1(11.1) Shields
 + Level 2.6 Invocations


You had 7 spell levels left.
You didn't know any spells.
Your spell library contained the following spells:

 Spells                   Type           Power        Failure   Level
 Beastly Appendage        Tmut           0%           100%        1
 Magic Dart               Conj           0%           100%        1
 Blink                    Tloc           N/A          100%        2
 Call Imp                 Summ           0%           100%        2
 Slow                     Hex            0%           100%        2
 Wereblood                Tmut           0%           100%        2
 Conjure Flame            Conj/Fire      0%           100%        3
 Mephitic Cloud           Conj/Pois/Air  0%           100%        3
 Spider Form              Tmut/Pois      0%           100%        3
 Ice Form                 Ice/Tmut       0%           100%        4
 Blade Hands              Tmut           0%           100%        5


Dungeon Overview and Level Annotations

Branches:
Dungeon (7/15)             Temple (1/1) D:4           Sewer (visited)

Altars:
Ashenzari
Cheibriados
Dithmenos
Elyvilon
Fedhas
Gozag
Hepliaklqana
Kikubaaqudgha
Nemelex Xobeh
Okawaru
Qazlal
Ru
Trog
Uskayaw
Vehumet
Wu Jian
Yredelemnul
The Shining One

Shops:
D:6 :


Innate Abilities, Weirdness & Mutations

You reflexively headbutt those who attack you in melee.
You have a pair of horns on your head.


Message History

* * * LOW HITPOINT WARNING * * *
The five-headed hydra bites you.
* * * LOW HITPOINT WARNING * * *
The five-headed hydra bites you!
* * * LOW HITPOINT WARNING * * *
The five-headed hydra barely misses you.
You hit the five-headed hydra. You headbutt the five-headed hydra!
The five-headed hydra is severely wounded.
The five-headed hydra bites you but does no damage. x2
You block the five-headed hydra's attack.
The five-headed hydra bites you but does no damage.
The five-headed hydra bites you!
* * * LOW HITPOINT WARNING * * *
You block the five-headed hydra's attack.
The five-headed hydra bites you but does no damage.
You block the five-headed hydra's attack.
The five-headed hydra bites you!
* * * LOW HITPOINT WARNING * * *
The five-headed hydra bites you!
You die...

############# #...@D).)...#
##########.#########.#
####..........####### #.#
..[........................#
###..<...>......>...#..........
# #..#.###.#...########.##.#...
# #..#.###.#...# ... #..##
###........#...## ... #$.
..#.....#........ ..$ .##


You could see a five-headed hydra (extremely poisoned).

Vanquished Creatures
  An ice beast (D:5)
  3 ogres
  2 phantoms
  Blork the orc (D:6)
  A big kobold (Sewer)
  3 howler monkeys
  3 hounds
  2 jellies
  4 orc priests
  7 orc wizards
  2 worker ants
  A hound zombie (D:7)
  A worker ant zombie (D:6)
  10 gnolls
  A river rat (Sewer)
  10 adders
  A shadow imp (D:7)
  3 white imps
  An ufetubus (D:5)
  2 oozes
  3 adder zombies
  2 adder skeletons (D:4)
  2 worms
  A dart slug (D:2)
  2 leopard geckos
  16 orcs
  2 ball pythons
  6 bats
  4 giant cockroaches
  4 goblins
  8 hobgoblins
  7 jackals
  2 quokkas
  7 frilled lizards
  8 kobolds
  8 rats
141 creatures vanquished.

Notes
Turn   | Place    | Note
-------+----------+-------------------------------------------
     0 | D:1      | wakim the Minotaur Fighter began the quest for the Orb.
     0 | D:1      | Reached XP level 1. HP: 19/19 MP: 0/0
   240 | D:1      | Reached XP level 2. HP: 19/27 MP: 1/1
   544 | D:2      | Found an ancient bone altar of Kikubaaqudgha.
   617 | D:2      | Reached XP level 3. HP: 33/33 MP: 2/2
   895 | D:2      | Found an opulent altar of Gozag.
  1085 | D:2      | Found a sacrificial altar of Ru.
  1315 | D:3      | Reached XP level 4. HP: 26/40 MP: 3/3
  1488 | D:3      | Reached XP level 5. HP: 33/41 MP: 4/4
  1501 | D:3      | Reached skill level 5 in Armour
  2092 | D:4      | Found a staircase to the Ecumenical Temple.
  2100 | Temple   | Entered the Ecumenical Temple
  2228 | D:4      | Reached XP level 6. HP: 19/55 MP: 5/5
  2257 | D:4      | Reached skill level 5 in Axes
  2332 | D:4      | Found a glowing drain.
  2343 | Sewer    | Entered a sewer
  2413 | Sewer    | Reached skill level 5 in Fighting
  2428 | Sewer    | Found a white marble altar of Elyvilon.
  2656 | Temple   | Became a worshipper of Warmaster Okawaru
  3102 | D:5      | Entered Level 5 of the Dungeon
  3115 | D:5      | Reached skill level 5 in Shields
  3175 | D:5      | Reached XP level 7. HP: 47/61 MP: 6/6
  3354 | D:5      | Reached skill level 1 in Invocations
  3372 | D:5      | Reached * piety under Okawaru
  3678 | D:6      | Found a sparkling altar of Nemelex Xobeh.
  3761 | D:6      | Reached ** piety under Okawaru
  3762 | D:6      | Reached XP level 8. HP: 70/70 MP: 8/8
  3923 | D:6      | Found Pofen's Book Shoppe.
  3943 | D:6      | Reached skill level 1 in Throwing
  3968 | D:6      | Found a blossoming altar of Fedhas.
  3968 | D:6      | Found a glowing golden altar of the Shining One.
  3973 | D:6      | Found a shadowy altar of Dithmenos.
  3979 | D:6      | Found a hazy altar of Hepliaklqana.
  3980 | D:6      | Found a bloodstained altar of Trog.
  4014 | D:6      | Noticed Blork the orc
  4019 | D:6      | Killed Blork the orc
  4458 | D:7      | Noticed a five-headed hydra
  4478 | D:7      | Slain by a five-headed hydra

Illustrated notes

Levels and vault maps discovered:
D:1:      nzn_arrival_depleted_hourglass, layout_basic, chequers_jeans
D:2:      layout_loops_ring, nicolae_overflow_hidden_temple,
          ebering_dispersal_statue_hall, kennysheep_generic_room_9
D:3:      layout_loops_cross
D:4:      layout_loops_ring, minmay_temple_entry_large_hall,
          portal_sewer_entry_d
D:5:      layout_basic
D:6:      layout_basic, chequers_temple_overflow_minitemple, serial_shops,
          nicolae_shop_behind_doors, nemelex_xobeh_ov_fountains_minmay,
          uniq_blork_the_orc
D:7:      layout_loops_ring, lemuel_blue_sif_altar
Temple:   eino_wide_crystal_templ

Skill      XL: |  1  2  3  4  5  6  7  8 |
---------------+-------------------------+-----
Armour         | 4 5 6 7 |  7.9
Axes           | 3 4 5 6 7 |  7.3
Fighting       | 4 5 6 |  6.8
Shields        | 4 5 6 |  6.1
Invocations    | 1 2 |  2.6
Throwing       | 1 |  1.8

Action                   |  1- 3 |  4- 6 |  7- 9 || total
-------------------------+-------+-------+-------++-------
Melee: War axe           |    84 |   153 |   162 ||   399
       Headbutt          |    15 |    32 |    32 ||    79
       Hand axe          |    10 |    49 |       ||    59
       Flail             |       |       |     7 ||     7
Invok: Heroism           |       |       |     1 ||     1
  Use: Scroll            |       |     8 |     1 ||     9
       Potion            |       |     6 |     1 ||     7
Armor: Scale mail        |    46 |    29 |       ||    75
       Plate armour      |       |   110 |    89 ||   199
       Gold dragon scale |       |       |    16 ||    16
Dodge: Dodged            |    28 |    30 |    26 ||    84
Block: Kite shield       |    46 |   104 |   110 ||   260
